TOP OF THE 1ST |
University of Maine Black Bears batting - Pitching for University of Virginia Cavaliers : RHP Jayden Currie
|
Pitching: RHP Jayden Currie
|
|
Batting: RHB Wang Huan
|
0-0: Called Strike 0-1: Reached on error, E5 (Groundball, 56, EV 87.5 MPH)
|
Batting: LHB Carlos Rivera
|
0-0: Called Strike Wang Huan steals 2nd base 0-1: Foul Ball, location: 2F 0-2: Strikes out swinging
|
Batting: LHB Ed Leighton
|
0-0: Called Strike 0-1: Foul Ball, location: 2F 0-2: Ball 1-2: Strikes out swinging
|
Batting: SHB Ron Handford
|
0-0: Ball 1-0: Ground out 4-3 (Groundball, 4, EV 103.8 MPH)
|
Top of the 1st over - 0 runs, 0 hits, 1 error, 1 left on base; University of Maine 0 - University of Virginia 0 |
BOTTOM OF THE 1ST |
University of Virginia Cavaliers batting - Pitching for University of Maine Black Bears : RHP Steve Brill
|
Pitching: RHP Steve Brill
|
|
Batting: RHB Luke Bertrand
|
0-0: Foul Ball, location: 2F 0-1: Foul Ball, location: 2F 0-2: Fly out, F8 (Flyball, 8LD, EV 92.5 MPH)
|
Batting: RHB Jose Velez
|
0-0: Swinging Strike 0-1: Called Strike 0-2: Reached on error, E6 (Groundball, 6, EV 106.2 MPH)
|
Batting: LHB Ray Nichter
|
0-0: Foul Ball, location: 2F 0-1: Ball 1-1: Called Strike 1-2: Ball 2-2: Ball 3-2: Foul Ball, location: 2F 3-2: Foul Ball, location: 2F 3-2: Foul Ball, location: 2F 3-2: Foul Ball, location: 2F 3-2: Ground out 4-3 (Groundball, 4, EV 89.4 MPH) Jose Velez to third
|
Batting: LHB Alex Aguilar
|
0-0: Ball 1-0: SINGLE (Groundball, 4D, EV 108.1 MPH) Jose Velez scores
|
Batting: RHB Jason Lambert
|
0-0: Ball 1-0: Swinging Strike Passed Ball! Alex Aguilar to second 1-1: Reached on error, E6 (Groundball, 6, EV 80.0 MPH) Alex Aguilar to third
|
Batting: LHB Josh Glass
|
0-0: Foul Ball, location: 2F 0-1: Ball 1-1: Ball 2-1: Foul Ball, location: 2F 2-2: Foul Ball, location: 2F 2-2: Strikes out swinging
|
Bottom of the 1st over - 1 run, 1 hit, 2 errors, 2 left on base; University of Maine 0 - University of Virginia 1 |
TOP OF THE 2ND |
University of Maine Black Bears batting - Pitching for University of Virginia Cavaliers : RHP Jayden Currie
|
Batting: LHB John Knox
|
0-0: Ball 1-0: Foul Ball, location: 2F 1-1: Swinging Strike 1-2: Strikes out swinging
|
Batting: RHB Geoffrey Gonzalez
|
0-0: Ball 1-0: Ball 2-0: Called Strike 2-1: Foul Ball, location: 2F 2-2: Ball 3-2: Ground out 5-3 (Groundball, 56, EV 85.6 MPH)
|
Batting: RHB Rewa Havika
|
0-0: Ball 1-0: Swinging Strike 1-1: Swinging Strike 1-2: Foul Ball, location: 2F 1-2: Foul Ball, location: 2F 1-2: Strikes out looking
|
Top of the 2nd over - 0 runs, 0 hits, 0 errors, 0 left on base; University of Maine 0 - University of Virginia 1 |
BOTTOM OF THE 2ND |
University of Virginia Cavaliers batting - Pitching for University of Maine Black Bears : RHP Steve Brill
|
Batting: RHB Rob Coble
|
0-0: Ball 1-0: Ball 2-0: Called Strike 2-1: Ball 3-1: Foul Ball, location: 2F 3-2: Base on Balls
|
Batting: RHB Allen McCaskill
|
0-0: Fielders Choice at 2nd, 6-4 (Groundball, 6, EV 106.9 MPH)
|
Batting: RHB Jason Thresher
|
0-0: Ball Allen McCaskill steals 2nd base 1-0: Foul Ball, location: 2F 1-1: Called Strike 1-2: Ball Wild Pitch! Allen McCaskill to third 2-2: Foul Ball, location: 2F 2-2: Ball 3-2: Foul Ball, location: 2F 3-2: Foul Ball, location: 2F 3-2: Fly out, F9 (Line Drive, 9D, EV 101.2 MPH) Runner from 3rd tags up, SCORES, throw by RF
|
Batting: RHB Luke Bertrand
|
0-0: Called Strike 0-1: Ball 1-1: Fly out, F7 (Line Drive, 7D, EV 93.8 MPH)
|
Bottom of the 2nd over - 1 run, 0 hits, 0 errors, 0 left on base; University of Maine 0 - University of Virginia 2 |
TOP OF THE 3RD |
University of Maine Black Bears batting - Pitching for University of Virginia Cavaliers : RHP Jayden Currie
|
Batting: RHB Frank Gould
|
0-0: Ball 1-0: Swinging Strike 1-1: Swinging Strike 1-2: Ball 2-2: Strikes out looking
|
Batting: LHB Steve Thomas
|
0-0: Ball 1-0: Swinging Strike 1-1: Fly out, F9 (Flyball, 89S, EV 81.9 MPH)
|
Batting: RHB Wang Huan
|
0-0: Ball 1-0: Ball 2-0: Swinging Strike 2-1: Swinging Strike 2-2: Fly out, F7 (Flyball, 7S, EV 85.6 MPH)
|
Top of the 3rd over - 0 runs, 0 hits, 0 errors, 0 left on base; University of Maine 0 - University of Virginia 2 |
BOTTOM OF THE 3RD |
University of Virginia Cavaliers batting - Pitching for University of Maine Black Bears : RHP Steve Brill
|
Batting: RHB Jose Velez
|
0-0: Foul Ball, location: 2F 0-1: Foul Ball, location: 2F 0-2: Ball 1-2: Strikes out swinging
|
Batting: LHB Ray Nichter
|
0-0: Swinging Strike 0-1: Called Strike 0-2: Ground out U3 (Groundball, 34, EV 103.1 MPH)
|
Batting: LHB Alex Aguilar
|
0-0: Ball 1-0: Foul Ball, location: 2F 1-1: SINGLE (Line Drive, 89S, EV 91.2 MPH)
|
Batting: RHB Jason Lambert
|
0-0: Called Strike 0-1: Ball 1-1: Ball 2-1: Swinging Strike 2-2: Strikes out looking
|
Bottom of the 3rd over - 0 runs, 1 hit, 0 errors, 1 left on base; University of Maine 0 - University of Virginia 2 |
TOP OF THE 4TH |
University of Maine Black Bears batting - Pitching for University of Virginia Cavaliers : RHP Jayden Currie
|
Batting: LHB Carlos Rivera
|
0-0: Foul Ball, location: 2F 0-1: Called Strike 0-2: Ground out 4-3 (Groundball, 4, EV 85.0 MPH)
|
Batting: LHB Ed Leighton
|
0-0: Ball 1-0: Swinging Strike 1-1: Fly out, F8 (Flyball, 89M, EV 77.5 MPH)
|
Batting: SHB Ron Handford
|
0-0: Foul Ball, location: 2F 0-1: Ball 1-1: Foul Ball, location: 2F 1-2: Ball 2-2: Strikes out swinging
|
Top of the 4th over - 0 runs, 0 hits, 0 errors, 0 left on base; University of Maine 0 - University of Virginia 2 |
BOTTOM OF THE 4TH |
University of Virginia Cavaliers batting - Pitching for University of Maine Black Bears : RHP Steve Brill
|
Batting: LHB Josh Glass
|
0-0: Ball 1-0: Called Strike 1-1: Foul Ball, location: 2F 1-2: Foul Ball, location: 2F 1-2: Ball 2-2: Ball 3-2: Foul Ball, location: 2F 3-2: DOUBLE (Line Drive, 78D, EV 100.0 MPH)
|
Batting: RHB Rob Coble
|
0-0: Ball 1-0: Ball 2-0: Ball 3-0: Base on Balls
|
Batting: RHB Allen McCaskill
|
0-0: Called Strike 0-1: Ball 1-1: Called Strike 1-2: Strikes out swinging
|
Pitching: RHP Chris Liddie
|
|
Batting: RHB Jason Thresher
|
0-0: Foul Ball, location: 2F 0-1: Ball 1-1: Called Strike 1-2: Foul Ball, location: 2F 1-2: Strikes out swinging
|
Batting: RHB Luke Bertrand
|
0-0: Called Strike 0-1: 3-RUN HOME RUN (Flyball, 7LD, EV 92.5 MPH), Distance : 361 ft
|
Batting: RHB Jose Velez
|
0-0: Ball 1-0: Swinging Strike 1-1: Swinging Strike 1-2: Ball 2-2: Strikes out swinging
|
Bottom of the 4th over - 3 runs, 2 hits, 0 errors, 0 left on base; University of Maine 0 - University of Virginia 5 |
TOP OF THE 5TH |
University of Maine Black Bears batting - Pitching for University of Virginia Cavaliers : RHP Jayden Currie
|
Batting: LHB John Knox
|
0-0: Called Strike 0-1: Foul Ball, location: 2F 0-2: SINGLE (Groundball, 6D, EV 103.1 MPH)
|
Batting: RHB Geoffrey Gonzalez
|
0-0: Ball 1-0: Ball 2-0: Called Strike 2-1: Called Strike 2-2: Foul Ball, location: 2F 2-2: Foul Ball, location: 2F 2-2: Foul Ball, location: 2F 2-2: Strikes out swinging
|
Batting: RHB Rewa Havika
|
0-0: Ball 1-0: Ball 2-0: Foul Ball, location: 2F 2-1: Ball 3-1: Fly out, F9 (Flyball, 9LS, EV 89.4 MPH)
|
Batting: RHB Frank Gould
|
0-0: Ball 1-0: Ball 2-0: Fly out, F9 (Flyball, 89M, EV 91.9 MPH)
|
Top of the 5th over - 0 runs, 1 hit, 0 errors, 1 left on base; University of Maine 0 - University of Virginia 5 |
BOTTOM OF THE 5TH |
University of Virginia Cavaliers batting - Pitching for University of Maine Black Bears : RHP Chris Liddie
|
Batting: LHB Ray Nichter
|
0-0: SINGLE (Line Drive, 6D, EV 105.0 MPH)
|
Batting: LHB Alex Aguilar
|
0-0: Called Strike 0-1: Swinging Strike 0-2: Strikes out looking
|
Batting: RHB Jason Lambert
|
0-0: Ball 1-0: Ball 2-0: Fly out, F4 (Popup, 4M, EV 59.4 MPH)
|
Batting: LHB Josh Glass
|
0-0: Called Strike 0-1: Swinging Strike 0-2: Ball 1-2: Reached on error, E4 (Groundball, 4, EV 98.8 MPH) Ray Nichter to second
|
Batting: RHB Rob Coble
|
0-0: Ball Passed Ball! Ray Nichter to third Josh Glass to second 1-0: Foul Ball, location: 2F 1-1: Foul Ball, location: 2F 1-2: Ground out 6-3 (Groundball, 6, EV 106.2 MPH)
|
Bottom of the 5th over - 0 runs, 1 hit, 1 error, 2 left on base; University of Maine 0 - University of Virginia 5 |
TOP OF THE 6TH |
University of Maine Black Bears batting - Pitching for University of Virginia Cavaliers : RHP Jayden Currie
|
Pitching: LHP Justin Frost
|
|
Batting: LHB Steve Thomas
|
0-0: Ball 1-0: Ball 2-0: Ball 3-0: Called Strike 3-1: Base on Balls
|
Batting: RHB Wang Huan
|
0-0: Called Strike 0-1: Ball 1-1: Swinging Strike Steve Thomas steals 2nd base 1-2: Foul Ball, location: 2F 1-2: Ball 2-2: Ball 3-2: Fly out, F8 (Flyball, 89D, EV 90.0 MPH)
|
Batting: LHB Carlos Rivera
|
0-0: Foul Ball, location: 2F 0-1: Called Strike 0-2: Ball 1-2: Ball 2-2: Ball 3-2: Fly out, F8 (Flyball, 89M, EV 86.2 MPH)
|
Batting: LHB Ed Leighton
|
0-0: Ball 1-0: Ball 2-0: Foul Ball, location: 2F 2-1: Ball 3-1: Base on Balls
|
Batting: SHB Ron Handford
|
0-0: Called Strike 0-1: Called Strike 0-2: Fly out, F8 (Flyball, 78S, EV 92.5 MPH)
|
Top of the 6th over - 0 runs, 0 hits, 0 errors, 2 left on base; University of Maine 0 - University of Virginia 5 |
BOTTOM OF THE 6TH |
University of Virginia Cavaliers batting - Pitching for University of Maine Black Bears : RHP Chris Liddie
|
Batting: RHB Allen McCaskill
|
0-0: Called Strike 0-1: Called Strike 0-2: Ball 1-2: Foul Ball, location: 2F 1-2: Ball 2-2: Fly out, F7 (Flyball, 7S, EV 82.5 MPH)
|
Batting: RHB Jason Thresher
|
0-0: Called Strike 0-1: Ball 1-1: Ground out 2-3 (Groundball, 2L, EV 70.6 MPH)
|
Batting: RHB Luke Bertrand
|
0-0: Fly out, F8 (Flyball, 8RD, EV 93.1 MPH)
|
Bottom of the 6th over - 0 runs, 0 hits, 0 errors, 0 left on base; University of Maine 0 - University of Virginia 5 |
TOP OF THE 7TH |
University of Maine Black Bears batting - Pitching for University of Virginia Cavaliers : LHP Justin Frost
|
Batting: LHB John Knox
|
0-0: Ball 1-0: Ball 2-0: Swinging Strike 2-1: Called Strike 2-2: Foul Ball, location: 2F 2-2: Strikes out looking
|
Pitching: RHP Tofik Javakhov
|
|
Batting: RHB Geoffrey Gonzalez
|
0-0: Swinging Strike 0-1: Ball 1-1: Ball 2-1: Foul Ball, location: 2F 2-2: Ball 3-2: SINGLE (Groundball, 56D, EV 101.9 MPH)
|
Batting: RHB Rewa Havika
|
0-0: Ball 1-0: Ball 2-0: Fly out, F7 (Flyball, 7D, EV 85.6 MPH)
|
Batting: RHB Frank Gould
|
0-0: Called Strike Geoffrey Gonzalez is caught stealing 2nd base 2-4
|
Top of the 7th over - 0 runs, 1 hit, 0 errors, 0 left on base; University of Maine 0 - University of Virginia 5 |
BOTTOM OF THE 7TH |
University of Virginia Cavaliers batting - Pitching for University of Maine Black Bears : RHP Chris Liddie
|
Batting: RHB Jose Velez
|
0-0: Called Strike 0-1: Ball 1-1: Swinging Strike 1-2: Strikes out swinging, 2-3 out at first.
|
Pitching: RHP Jim Hodder
|
|
Batting: LHB Ray Nichter
|
0-0: Ball 1-0: Swinging Strike 1-1: Ball 2-1: Swinging Strike 2-2: Ball 3-2: Fly out, F8 (Flyball, 8LS, EV 86.2 MPH)
|
Batting: LHB Alex Aguilar
|
0-0: Foul Ball, location: 2F 0-1: Ground out 4-3 (Groundball, 4D, EV 82.5 MPH)
|
Bottom of the 7th over - 0 runs, 0 hits, 0 errors, 0 left on base; University of Maine 0 - University of Virginia 5 |
TOP OF THE 8TH |
University of Maine Black Bears batting - Pitching for University of Virginia Cavaliers : RHP Tofik Javakhov
|
Batting: RHB Frank Gould
|
0-0: TRIPLE (Flyball, 78XD, EV 93.1 MPH)
|
Batting: LHB Steve Thomas
|
0-0: Ball 1-0: Ball 2-0: Swinging Strike 2-1: Foul Ball, location: 2F 2-2: Ground out 1-3 (Groundball, 13, EV 70.0 MPH)
|
Batting: RHB Wang Huan
|
0-0: Called Strike 0-1: Swinging Strike 0-2: Ball 1-2: Foul Ball, location: 2F 1-2: Ground out 4-3 (Groundball, 4S, EV 88.1 MPH) Frank Gould scores
|
Batting: LHB Carlos Rivera
|
0-0: Ball 1-0: Ball 2-0: Foul Ball, location: 2F 2-1: Ball 3-1: Called Strike 3-2: Foul Ball, location: 2F 3-2: Foul Ball, location: 2F 3-2: Base on Balls
|
Pitching: RHP Gregory Reader
|
|
Batting: LHB Ed Leighton
|
0-0: Reached on error, E9 (Flyball, 9LS, EV 85.6 MPH) Carlos Rivera to third
|
Batting: SHB Ron Handford
|
0-0: Called Strike 0-1: Foul Ball, location: 2F 0-2: Ball 1-2: Ball 2-2: Ground out 4-3 (Groundball, 4, EV 86.9 MPH)
|
Top of the 8th over - 1 run, 1 hit, 1 error, 2 left on base; University of Maine 1 - University of Virginia 5 |
BOTTOM OF THE 8TH |
University of Virginia Cavaliers batting - Pitching for University of Maine Black Bears : RHP Jim Hodder
|
Batting: RHB Jason Lambert
|
0-0: Ball 1-0: Ball 2-0: Ball 3-0: Called Strike 3-1: Foul Ball, location: 2F 3-2: Ground out U3 (Groundball, 34, EV 80.6 MPH)
|
Batting: LHB Josh Glass
|
0-0: Called Strike 0-1: Ball 1-1: Called Strike 1-2: Foul Ball, location: 2F 1-2: Foul Ball, location: 2F 1-2: Foul Ball, location: 2F 1-2: Ball 2-2: Foul Ball, location: 2F 2-2: Ball 3-2: Foul Ball, location: 2F 3-2: SINGLE (Groundball, 34D, EV 96.2 MPH)
|
Batting: RHB Rob Coble
|
0-0: Called Strike 0-1: Foul Ball, location: 2F 0-2: Ball 1-2: Ball 2-2: Ball 3-2: Foul Ball, location: 2F 3-2: Fielders Choice at 2nd, 6-4 (Groundball, 6, EV 103.1 MPH)
|
Pitching: RHP Tom Neft
|
|
Batting: RHB Allen McCaskill
|
0-0: Fielders Choice at 2nd, 6-4 (Groundball, 6, EV 101.9 MPH)
|
Bottom of the 8th over - 0 runs, 1 hit, 0 errors, 1 left on base; University of Maine 1 - University of Virginia 5 |
TOP OF THE 9TH |
University of Maine Black Bears batting - Pitching for University of Virginia Cavaliers : RHP Gregory Reader
|
Batting: LHB John Knox
|
0-0: Ball 1-0: Foul Ball, location: 2F 1-1: Foul Ball, location: 2F 1-2: Ball 2-2: Ball 3-2: Ground out 6-3 (Groundball, 6, EV 81.2 MPH)
|
Batting: RHB Geoffrey Gonzalez
|
0-0: Ball 1-0: Fly out, F9 (Flyball, 9, EV 90.6 MPH)
|
Batting: RHB Rewa Havika
|
0-0: Called Strike 0-1: Ground out 6-3 (Groundball, 6, EV 87.5 MPH)
|
Top of the 9th over - 0 runs, 0 hits, 0 errors, 0 left on base; University of Maine 1 - University of Virginia 5 |
|